 Dungeon Crawl Stone Soup version 0.30.1-11-g7821555f0a (webtiles) character file.

Game seed: 17544372149432727059

212 seasailer the Ruffian (level 5, -8/41 HPs)
             Began as a Draconian Transmuter on Dec 1, 2023.
             Mangled by an iguana (9 damage)
             ... on level 4 of the Dungeon on Dec 5, 2023.
             The game lasted 00:19:43 (1471 turns).

seasailer the Ruffian (Draconian Transmuter)        Turns: 1471, Time: 00:19:44

Health: -8/41      AC:  5    Str: 15    XL:     5   Next: 58%
Magic:  7/9        EV: 12    Int: 13    God:
Gold:   128        SH:  3    Dex: 11    Spells: 6/9 levels left

rFire   . . .        l - +2 falchion (heavy)
rCold   . . .        d - +0 buckler
rNeg    . . .        (body armour unavailable)
rPois   .            (helmet currently unavailable)
rElec   .            (no cloak)
rCorr   .            (no gloves)
SInv    .            (boots currently unavailable)
Will    .....        (no amulet)
Stlth   +            (no ring)
HPRegen 0.26/turn    (no ring)
MPRegen 0.11/turn

%: no passive effects
@: appendages (expiring), wereblooded
A: horns 2, talons 2, AC +5, unfitting armour, cold-blooded
a: End Transformation


You were on level 4 of the Dungeon.
You had temporarily grown beastly horns and talons.
You visited 1 branch of the dungeon, and saw 4 of its levels.

You collected 128 gold pieces.

Inventory:

Hand Weapons
 e - a +0 club
 f - a +0 halberd
 g - a +0 spear
 h - a +0 club
 i - a +0 whip
 l - a +2 heavy falchion (weapon)
Armour
 d - a +0 buckler (worn)
 n - a +0 ring mail
Magical Staves
 j - a staff of death
Scrolls
 b - 4 scrolls of identify {unknown}
Potions
 a - a potion of lignification
 c - a potion of haste {unknown}
 k - 3 potions of might {unknown}
 m - 3 potions of curing


   Skills:
 + Level 1.9 Fighting
 + Level 1.0 Long Blades
 + Level 0.7 Staves
 + Level 2.6 Dodging
 + Level 0.5 Stealth
 + Level 4.1 Unarmed Combat
 + Level 2.7 Spellcasting
 + Level 3.1 Transmutations


You had 6 spell levels left.
You knew the following spells:

 Your Spells              Type           Power      Damage    Failure   Level
a - Beastly Appendage     Tmut           20%        N/A       9%          1
b - Wereblood             Tmut           10%        N/A       13%         2

Your spell library contained the following spells:

 Spells                   Type           Power      Damage    Failure   Level
 Passwall                 Tmut/Erth      4%         N/A       26%         2
 Ensorcelled Hibernation  Hex/Ice        2%         N/A       43%         2
 Spider Form              Tmut/Pois      5%         N/A       45%         3
 Stone Arrow              Conj/Erth      2%         3d7       67%         3
 Swiftness                Air            1%         N/A       67%         3
 Ice Form                 Ice/Tmut       5%         N/A       86%         4
 Lehudib's Crystal Spear  Conj/Erth      0%         10d2      100%        8
 Animate Armour           Summ/Erth      Unusable   N/A       N/A         4

Dungeon Overview and Level Annotations

Branches:
Dungeon (4/15)
 Temple: D:4-7

Altars:

Shops:
D:2 (   D:3 (


Innate Abilities, Weirdness & Mutations

You have temporarily grown beastly horns and talons.
Your plain brown scales are hard. (AC +5)
You cannot fit into any form of body armour.
You are cold-blooded and may be slowed by cold attacks.


Message History

You kill the orc!
The orc closely misses you. The orc barely misses you.
The goblin hits you with a +0 dagger.
A hound comes into view.
You block the orc's attack. The orc hits you with a +0 hand axe.
You block the goblin's attack.
You slash the iguana! Your headbutt misses the iguana.
The iguana is heavily wounded.
You howl as the wereblood boils in your veins!
The iguana hisses menacingly.
The iguana misses you. The orc hits you but does no damage. The orc misses you.
The goblin hits you with a +0 dagger. The orc closely misses you.
The goblin hits you but does no damage. The orc barely misses you.
You block the iguana's attack.
You hit the iguana. You tail-slap the iguana.
The iguana is severely wounded.
The orc closely misses you. x2; The goblin hits you with a +0 dagger.
The iguana bites you!
You hit the orc. You claw the orc, but do no damage. You headbutt the orc.
The orc is heavily wounded.
The iguana bites you. The orc closely misses you.
The goblin closely misses you. The orc closely misses you.
The orc hits you with a +0 falchion. The orc closely misses you.
The goblin barely misses you. The iguana closely misses you.
You hit the orc but do no damage.
You tail-slap the orc, but do no damage.
The orc is heavily wounded.
You howl as the wereblood boils in your veins!
The hound closely misses you. The iguana barely misses you.
The hound barely misses you. The orc barely misses you. x2
The goblin hits you but does no damage. The orc closely misses you.
The goblin hits you but does no damage. The orc hits you with a +0 hand axe.
* * * LOW HITPOINT WARNING * * *
The hound closely misses you. The iguana bites you!
* * * LOW HITPOINT WARNING * * *
You barely miss the orc. Your kick misses the orc.
The orc is heavily wounded.
Your transformation is almost over.
The hound bites you but does no damage. The iguana bites you!
You die...

#.. ..##
.... ... ..#
#..# ##g.#
#@o.#
#.hol.#
#.........
###........#
###.#....#
##....# ....
.#..


You could see an iguana, a hound, 2 orcs and a goblin.

Vanquished Creatures
  Jessica (D:3)
  7 gnolls
  5 adders
  2 worms (D:2)
  2 dart slugs
  2 orcs (D:4)
  7 ball pythons
  2 bats
  4 endoplasms
  3 giant cockroaches
  2 hobgoblins (D:3)
  7 jackals
  2 quokkas (D:2)
  7 frilled lizards
  3 goblins
  5 kobolds
  5 rats
66 creatures vanquished.

Notes
Turn   | Place    | Note
-------+----------+-------------------------------------------
     0 | D:1      | seasailer the Draconian Transmuter began the quest for the
                  | Orb.
     0 | D:1      | Reached XP level 1. HP: 16/16 MP: 3/3
    98 | D:1      | Reached XP level 2. HP: 8/23 MP: 5/5
   226 | D:1      | Learned a level 2 spell: Wereblood
   360 | D:2      | Reached XP level 3. HP: 28/28 MP: 2/6
   368 | D:2      | Reached skill level 4 in Unarmed Combat
   370 | D:2      | Reached XP level 4. HP: 30/35 MP: 3/7
   696 | D:2      | Found Hyvixett's Antique Weapon Shoppe.
   886 | D:3      | Noticed Jessica
   906 | D:3      | Killed Jessica
   907 | D:3      | Reached XP level 5. HP: 37/40 MP: 4/8
  1240 | D:3      | Found Geisor's Weapon Boutique.
  1355 | D:3      | Reached skill level 1 in Long Blades
  1470 | D:4      | HP: 1/41 [iguana (11)]
  1471 | D:4      | Mangled by an iguana

Illustrated notes

Levels and vault maps discovered:
D:1:      nicolae_arrival_washed_ashore, layout_loops_ring,
          minmay_misc_feat_enclosed, nicolae_figureground_pulse
D:2:      layout_rooms, serial_shops, nicolae_shop_tiny_real_fake_doors,
          minmay_heptomino_w4
D:3:      layout_loops_ring, serial_shops, shop, minmay_misc_feat_cross,
          serial_bayou_lagoon_b, uniq_jessica
D:4:      layout_cave_pools, minitemple, kennysheep_generic_room_11

Skill      XL: |  1  2  3  4  5 |
---------------+----------------+-----
Dodging        | 2 |  2.6
Unarmed Combat | 4 |  4.1
Transmutations | 3 |  3.1
Long Blades    | 1 |  1.0
Fighting       | |  1.9
Staves         | |  0.7
Stealth        | |  0.5
Spellcasting   | |  2.7

Action                     |  1- 3 |  4- 6 || total
---------------------------+-------+-------++-------
  Melee: Unarmed           |    57 |       ||    57
         Kick              |     8 |     7 ||    15
         Headbutt          |     6 |     4 ||    10
         Tailslap          |     2 |    12 ||    14
         Falchion          |       |    79 ||    79
         Staff             |       |    35 ||    35
         Punch             |       |     2 ||     2
   Cast: Beastly Appendage |     7 |     4 ||    11
         Wereblood         |     1 |     4 ||     5
    Use: Potion            |       |     1 ||     1
   Stab: Sleeping          |       |     1 ||     1
 Armour: Skin              |    20 |    80 ||   100
  Dodge: Dodged            |    57 |   114 ||   171
  Block: Buckler           |       |     7 ||     7
